AoeStats
← 烏雲中

Arabia

504674388Analyzed
1v1 RM · 27d ago on Sep 6, 2026· 27m 32s· 2 players
Game mode
Random Map
Map size
Tiny (2 player)
Population
200
Speed
Normal
Resources
Standard
Victory
Conquest
Starting age
Dark Age
Ending age
Imperial Age
RankedLock teamsTeams togetherTeam positionsShared explorationLock speedFull tech treeHidden civsTurbo modeCheats
Victory
Defeat
🇦🇺 Dravidians · Australia
1193
+14
🇹🇼 Khmer · Taiwan
1151
-14
LingLing
9:50 Feudal Age
8:06 Loom
10:43 Double-Bit Axe
10:22 Man-at-Arms
14:56 Arson
16:15 Scale Mail Armor
17:03 Horse Collar
18:12 Forging
27:02 Castle Age
25:16 Fletching
27:12 Long Swordsman
27:38 Gambesons
27:54 Squires
烏雲中
5:50 Loom
9:15 Feudal Age
12:40 Double-Bit Axe
16:13 Horse Collar
22:55 Fletching
25:05 Padded Archer Armor
26:03 Wheelbarrow
27:33 Scale Barding Armor
28:00 Bloodlines
Connection lost

Rejoining the realm…

Still unreachable

The connection could not be restored.

Session expired

The server has moved on; the page needs a fresh start.